AoeStats
← cmd

Arabia

509691873Analyzed
3v3 RM · 4d ago on Sep 27, 2026· 42m 0s· 6 players
Game mode
Random Map
Map size
Normal (6 player)
Population
200
Speed
Normal
Resources
Standard
Victory
Conquest
Starting age
Dark Age
Ending age
Imperial Age
RankedLock teamsTeams togetherTeam positionsShared explorationLock speedFull tech treeHidden civsTurbo modeCheats
Victory
Defeat
🇩🇪 Magyars · Germany
963
+15
🇩🇪 Danes · Germany
924
+17
🇩🇪 Franks · Germany
893
+18
🇺🇸 Hindustanis · United States
963
-18
🇺🇸 Bohemians · United States
931
-16
🇺🇸 Khmer · United States
919
-16
helo
4:12 Loom
6:39 Loom
8:58 Feudal Age
11:49 Man-at-Arms
13:25 Arson
15:43 Wheelbarrow
16:33 Double-Bit Axe
21:53 Castle Age
20:14 Scale Mail Armor
20:08 Horse Collar
25:45 Wheelbarrow
28:23 Bow Saw
28:06 Gold Mining
28:06 Elite Skirmisher
29:05 Chain Mail Armor
30:27 Gambesons
30:42 Squires
32:42 Hand Cart
33:46 Forging
35:30 Heavy Plow
36:11 Gold Shaft Mining
cmd
10:21 Loom
12:53 Feudal Age
15:14 Double-Bit Axe
18:58 Castle Age
19:12 Gold Mining
20:22 Bow Saw
20:44 Pikeman
24:56 Husbandry
26:04 Scale Barding Armor
29:07 Wheelbarrow
31:00 Gold Shaft Mining
30:15 Stone Mining
32:06 Hand Cart
33:16 Chain Barding Armor
37:42 Imperial Age
38:25 Chivalry
37:48 Cavalier
41:26 Plate Barding Armor
41:01 Forging
40:58 Paladin
42:11 Conscription
noname
6:22 Loom
7:25 Loom
9:51 Feudal Age
15:23 Double-Bit Axe
16:12 Horse Collar
19:00 Wheelbarrow
20:32 Bloodlines
23:38 Castle Age
23:41 Fletching
23:51 Padded Archer Armor
24:00 Scale Barding Armor
25:31 Town Watch
26:14 Bow Saw
26:14 Heavy Plow
26:47 Bodkin Arrow
26:55 Gold Mining
29:37 Thumb Ring
32:56 Chain Barding Armor
33:44 Leather Archer Armor
33:50 Stone Mining
36:27 Ballistics
37:50 Hand Cart
38:26 Masonry
38:12 Guard Tower
41:49 Imperial Age
42:20 Gold Shaft Mining
41:54 Elite Magyar Huszar
42:36 Recurve Bow
X SaLtEdNuTs X
10:48 Feudal Age
17:41 Castle Age
20:21 Double-Bit Axe
26:43 Husbandry
26:54 Bloodlines
29:07 Horse Collar
32:25 Imperial Age
31:55 Scale Barding Armor
32:45 Elite Skirmisher
35:31 Double Crossbow
35:45 Gold Mining
36:22 Ballistics
36:18 Heavy Plow
36:56 Cavalier
38:57 Chain Barding Armor
39:47 Siege Engineers
X SaLtEdDiZzY X
7:59 Loom
10:11 Feudal Age
14:27 Double-Bit Axe
15:49 Horse Collar
18:42 Wheelbarrow
22:02 Castle Age
20:52 Gold Mining
21:19 Bloodlines
21:27 Forging
21:34 Town Watch
22:36 Scale Barding Armor
22:52 Husbandry
23:32 Iron Casting
23:34 Bow Saw
23:26 Heavy Plow
24:20 Gold Shaft Mining
24:31 Stone Mining
26:17 Hand Cart
26:18 Squires
26:04 Arson
27:35 Stone Shaft Mining
29:54 Iron Casting
31:18 Chain Barding Armor
31:55 Scale Mail Armor
37:05 Imperial Age
35:38 Fortified Wall
35:48 Chain Mail Armor
39:00 Conscription
38:22 Heavy Camel Rider
X SaLtEdTlTs X
11:46 Feudal Age
10:03 Loom
21:00 Castle Age
23:55 Double-Bit Axe
31:16 Bow Saw
31:57 Pikeman
34:51 Horse Collar
42:35 Imperial Age
Connection lost

Rejoining the realm…

Still unreachable

The connection could not be restored.

Session expired

The server has moved on; the page needs a fresh start.